 Dungeon Crawl Stone Soup version 0.26.1-11-gd32895ea62 (webtiles) character file.

Game seed: 6016432761236009374

70 Zeld the Sneak (level 4, 0/29 HPs)
             Began as an Octopode Brigand on May 13, 2021.
             Slain by a goblin (3 damage)
             ... led by Robin
             ... on level 2 of the Dungeon.
             The game lasted 00:01:46 (1846 turns).

Zeld the Sneak (Octopode Brigand)                   Turns: 1846, Time: 00:01:47

Health: 0/29       AC:  1    Str: 11    XL:     4   Next: 21%
Magic:  4/4        EV: 13    Int: 13    God:
Gold:   56         SH:  0    Dex: 13    Spells: 3/3 levels left

rFire    . . .     SeeInvis .   a - +2 dagger
rCold    . . .     Faith    .   (no shield)
rNeg     . . .     Spirit   .   (helmet restricted)
rPois    .         Reflect  .   (no amulet)
rElec    .         Harm     .   (no ring)
rCorr    .         Rampage  .   (no ring)
Will     .....                  (no ring)
Stlth    ++++......             (no ring)
HPRegen  0.09/turn              (no ring)
MPRegen  0.09/turn              (no ring)
                                (no ring)
                                (no ring)

@: no status effects
A: almost no armour, stealthy swim, amphibious, 8 rings, constrict 8, camouflage
1, gelatinous body 1
a: no special abilities


You were on level 2 of the Dungeon.
You visited 1 branch of the dungeon, and saw 2 of its levels.

You collected 56 gold pieces.

Inventory:

Hand Weapons
 a - a +2 dagger (weapon)
Missiles
 b - 8 poisoned darts (quivered)
 c - 2 curare-tipped darts
Scrolls
 f - a scroll of enchant armour {unknown}
 g - a scroll of remove curse {unknown}
 h - a scroll of fear {unknown}
Potions
 d - 2 potions of flight {unknown}
 e - a potion of might {unknown}
 i - a potion of resistance {unknown}


   Skills:
 - Level 2.0 Fighting
 - Level 2.0 Short Blades
 * Level 4.3 Throwing
 - Level 1.0 Dodging
 - Level 5.3 Stealth


You had 3 spell levels left.
You didn't know any spells.
Your spell library was empty.

Dungeon Overview and Level Annotations

Branches:
Dungeon (2/15)

Altars:

Annotations:
D:2 Robin, Terence


Innate Abilities, Weirdness & Mutations

You cannot wear most types of armour.
You are very stealthy in the water. (Stealth+)
You are amphibious.
You can wear up to eight rings at the same time.
You can use your tentacles to constrict eight enemies at once.
Your skin changes colour to match your surroundings (Stealth+).
Your rubbery body absorbs attacks. (AC +1, EV +1)


Message History

The goblin is heavily wounded.
You constrict the goblin. Robin hits you with a cursed +0 mace.
The goblin hits you with a +0 dagger.
Unknown command.
You are too injured to fight recklessly!
You hit the goblin.
You kill the goblin!
Robin hits you with a cursed +0 mace!
* * * LOW HITPOINT WARNING * * *
Robin flexes a bicep menacingly.
Robin throws the goblin at you!
* * * LOW HITPOINT WARNING * * *
Things that are here:
a +0 dagger; a goblin corpse You hit the goblin but do no damage.
Your grab misses the goblin. The goblin completely misses you.
You hit the goblin. You grab the goblin.
The goblin is moderately wounded.
You constrict the goblin. Robin barely misses you. The goblin hits you.
You die...

#$..... .#
.[..... #.#
....... #.#
....... #.#
#...... #.#
##..b.. #.#
#.######.###
#...g@gggg.###
#.######<)...###
#.......#
##.?#.#.#
#.......$g
#...###.#. #....
#....# #.....


You could see Robin and 4 goblins.

Vanquished Creatures
  Natasha (D:2)
  An ooze (D:1)
  A worm (D:2)
  A dart slug (D:2)
  A ball python (D:1)
  A giant cockroach (D:1)
  9 goblins
  4 hobgoblins
  6 jackals
  2 bats (D:1)
  3 frilled lizards
  A kobold (D:1)
  2 rats (D:1)
33 creatures vanquished.

Notes
Turn   | Place    | Note
-------+----------+-------------------------------------------
     0 | D:1      | Zeld the Octopode Brigand began the quest for the Orb.
     0 | D:1      | Reached XP level 1. HP: 14/14 MP: 1/1
   301 | D:1      | Reached XP level 2. HP: 19/19 MP: 2/2
  1154 | D:1      | Reached XP level 3. HP: 22/24 MP: 3/3
  1322 | D:2      | Noticed Natasha
  1324 | D:2      | Killed Natasha
  1338 | D:2      | Noticed Terence
  1355 | D:2      | Reached XP level 4. HP: 25/29 MP: 4/4
  1412 | D:2      | Noticed Robin
  1846 | D:2      | Slain by a goblin

Illustrated notes

Levels and vault maps discovered:
D:1:      matt_arrival_spirals, layout_basic, minmay_misc_feat_hallway,
          chequers_hall_statues_corner_a
D:2:      layout_loops_cross, st_stairs_11, uniq_terence, uniq_natasha,
          uniq_robin

Skill      XL: |  1  2  3 |
---------------+----------+-----
Throwing       | 3 4 |  4.3
Fighting       | |  2.0
Short Blades   | |  2.0
Dodging        | |  1.0
Stealth        | |  5.3

Action                   |  1- 3 |  4- 6 || total
-------------------------+-------+-------++-------
Melee: Dagger            |    38 |    17 ||    55
       Constrict         |     7 |     6 ||    13
       Tentacles         |     1 |     4 ||     5
 Stab: Sleeping          |    13 |       ||    13
Armor: Skin              |     4 |     2 ||     6
Dodge: Dodged            |     8 |    11 ||    19
